AoeStats
← Chris77A

Black Forest

510538561Analyzed
2v2 RM · 23h ago on Oct 1, 2026· 42m 40s· 4 players
Game mode
Random Map
Map size
Medium (4 player)
Population
200
Speed
Normal
Resources
Standard
Victory
Conquest
Starting age
Dark Age
Ending age
Imperial Age
RankedLock teamsTeams togetherTeam positionsShared explorationLock speedFull tech treeHidden civsTurbo modeCheats
Victory
Defeat
🇭🇰 Poles · Hong Kong SAR China
1278
+15
🇨🇦 Spanish · Canada
1240
+17
🇬🇧 Teutons · United Kingdom
1309
-18
🇬🇧 Bohemians · United Kingdom
1214
-14
Principipe6724
0:26 Loom
12:17 Feudal Age
16:15 Castle Age
15:15 Double-Bit Axe
15:13 Horse Collar
25:25 Town Watch
31:53 Imperial Age
29:43 Fletching
31:21 Wheelbarrow
31:30 Bow Saw
31:51 Bodkin Arrow
32:46 Hand Cart
33:45 Chemistry
34:54 Town Patrol
35:39 Bracer
37:29 Pikeman
40:40 Husbandry
40:51 Bloodlines
40:02 Cavalier
40:25 Halberdier
Just for fun
1:42 Loom
11:54 Feudal Age
16:06 Castle Age
16:02 Double-Bit Axe
23:19 Scale Mail Armor
25:11 Forging
30:18 Horse Collar
31:50 Bow Saw
33:09 Heavy Plow
36:58 Imperial Age
36:50 Wheelbarrow
37:11 Iron Casting
36:42 Scale Barding Armor
36:50 Gold Mining
36:47 Light Cavalry
37:39 Bloodlines
37:44 Husbandry
38:54 Blast Furnace
38:29 Crop Rotation
38:59 Conscription
38:45 Winged Hussar
40:16 Chain Barding Armor
41:12 Lechitic Legacy
42:28 Cavalier
Chris77A
0:45 Loom
14:59 Feudal Age
17:28 Fletching
20:26 Castle Age
20:22 Padded Archer Armor
23:19 Elite Skirmisher
30:48 Double-Bit Axe
34:08 Bow Saw
34:55 Wheelbarrow
41:02 Hand Cart
41:58 Pikeman
NoobMonk14
3:39 Loom
12:09 Feudal Age
12:35 Double-Bit Axe
15:47 Wheelbarrow
18:36 Castle Age
16:33 Horse Collar
20:10 Fishing Lines
21:12 Sanctity
22:40 Scale Barding Armor
28:51 Chemistry
28:16 Fervor
28:03 Town Watch
32:50 Bow Saw
36:36 Imperial Age
35:02 Ballistics
36:17 Heavy Plow
37:46 Fletching
37:57 Padded Archer Armor
38:08 Forging
38:35 Elite Skirmisher
41:04 Conscription
41:05 Bodkin Arrow
41:26 Leather Archer Armor
41:28 Hand Cart
Connection lost

Rejoining the realm…

Still unreachable

The connection could not be restored.

Session expired

The server has moved on; the page needs a fresh start.